 Dungeon Crawl Stone Soup version 0.31-a0-177-g4aa6249778 (webtiles) character file.

Game seed: 16516011907908029930

135 Moral the Shooter (level 5, -3/35 HPs)
             Began as an Octopode Hunter on June 19, 2023.
             Killed from afar by Ijyb (18 damage)
             ... with a bolt of light
             ... on level 3 of the Dungeon.
             The game lasted 00:04:22 (2401 turns).

Moral the Shooter (Octopode Hunter)                 Turns: 2401, Time: 00:04:23

Health: -3/35      AC:  1    Str: 10    XL:     5   Next: 18%
Magic:  5/5        EV: 14    Int: 11    God:
Gold:   89         SH:  0    Dex: 18    Spells: 4/4 levels left

rFire   . . .        a - +0 shortbow
rCold   . . .        (shield currently unavailable)
rNeg    . . .        (helmet restricted)
rPois   .            (no amulet)
rElec   .            (no ring)
rCorr   .            (no ring)
SInv    .            (no ring)
Will    .....        (no ring)
Stlth   ++++         (no ring)
HPRegen 0.25/turn    (no ring)
MPRegen 0.09/turn    (no ring)
                     (no ring)

%: no passive effects
@: no status effects
A: almost no armour, amphibious, 8 rings, camouflage 1, gelatinous body 1,
(nimble swimmer 1), tentacles
a: no special abilities


You were on level 3 of the Dungeon.
You visited 1 branch of the dungeon, and saw 4 of its levels.

You collected 89 gold pieces.

Inventory:

Hand Weapons
 a - a +0 shortbow (weapon)
Scrolls
 c - 4 scrolls of identify {unknown}
 e - a scroll of amnesia {unknown}
 h - a scroll of poison {unknown}
 i - 2 scrolls of fear {unknown}
 k - a scroll of blinking {unknown}
 l - 2 scrolls of teleportation {unknown}
Potions
 d - a potion of haste {unknown}
 f - 2 potions of invisibility {unknown}
 g - a potion of cancellation {unknown}
 j - 2 potions of enlightenment {unknown}


   Skills:
 + Level 2.7 Fighting
 * Level 4.8 Ranged Weapons
 + Level 2.7 Dodging
 * Level 4.1 Stealth


You had 4 spell levels left.
You didn't know any spells.
Your spell library contained the following spells:

 Spells                   Type           Power      Damage    Failure   Level
 Sting                    Tmut/Pois      0%         1d3       34%         1
 Blink                    Tloc           0%         N/A       47%         2
 Lesser Beckoning         Tloc           0%         N/A       47%         2
 Momentum Strike          Conj/Tloc      0%         3d8       47%         2
 Poisonous Vapours        Pois/Air       0%         N/A       47%         2
 Mephitic Cloud           Conj/Pois/Air  0%         N/A       71%         3
 Olgreb's Toxic Radiance  Pois           0%         N/A       98%         4
 Freezing Cloud           Conj/Ice/Air   0%         6-21      100%        5


Dungeon Overview and Level Annotations

Branches:
Dungeon (4/15)
 Temple: D:4-7

Altars:
Sif Muna

Shops:
D:2 :*

Annotations:
D:3 Ijyb


Innate Abilities, Weirdness & Mutations

You cannot wear most types of armour.
You are amphibious.
You can wear up to eight rings at the same time.
Your skin changes colour to match your surroundings (Stealth+).
Your rubbery body absorbs attacks. (AC +1, EV +1)
((You are camouflaged when in or above water. (Stealth+)))
You have tentacles for arms and can constrict up to eight enemies at once.


Message History

The ball python constricts you.
The ball python bites you but does no damage.
The ball python constricts you.
There is a stone staircase leading down here.
Fire: a) +0 shortbow
Press: ? - help, Q - select action Shift-Dir - straight line, f - ball python
Aim: a ball python (constricting you, 61% to hit)
You shoot an arrow.
The arrow completely misses the ball python.
The arrow hits Ijyb but does no damage.
Ijyb is moderately wounded.
The ball python closely misses you. The ball python constricts you.
You escape the ball python's grasp.
The ball python bites you. The ball python grabs you.
You stop descending the stairs.
The ball python constricts you.
Fire: a) +0 shortbow
Press: ? - help, Q - select action Shift-Dir - straight line, f/p - ball python
Aim: a ball python (constricting you, 61% to hit)
You shoot an arrow. The arrow hits the ball python.
You kill the ball python!
Ijyb zaps a wand.
The bolt of light hits you!
You are too injured to fight recklessly!
Fire: a) +0 shortbow
Press: ? - help, Q - select action Shift-Dir - straight line, f - Ijyb
Aim: Ijyb, wielding a +1 dagger of electrocution, wearing a +2 leather armour of poison resistance and carrying a wand of light (9) (moderately wounded, 58% to hit)
You shoot an arrow. The arrow hits Ijyb.
Ijyb is heavily wounded.
Fire: a) +0 shortbow
Press: ? - help, Q - select action Shift-Dir - straight line, f/p - Ijyb
Aim: Ijyb, wielding a +1 dagger of electrocution, wearing a +2 leather armour of poison resistance and carrying a wand of light (9) (heavily wounded, 58% to hit)
You shoot an arrow. The arrow barely misses Ijyb.
Ijyb screams, "It's all mine!"
Ijyb hits you with a +1 dagger of electrocution.
Fire: a) +0 shortbow
Press: ? - help, Q - select action Shift-Dir - straight line, f/p - Ijyb
Aim: Ijyb, wielding a +1 dagger of electrocution, wearing a +2 leather armour of poison resistance and carrying a wand of light (9) (heavily wounded, 58% to hit)
You shoot an arrow. The arrow closely misses Ijyb.
Ijyb zaps a wand.
The bolt of light hits you!!
Ouch! That really hurt!
You die...

#.#
#.##.bb##
#.#...bb##
#.#b..b..
#.# bbb.##
#.# bb$..
#.# #..#
#.###..#
#..@g..#
######.#
.# b# b#
.b .. ##


You could see Ijyb.

Vanquished Creatures
  Jessica (D:3)
  3 gnolls (D:2)
  An adder (D:2)
  A worm (D:2)
  2 dart slugs
  An orc (D:3)
  4 bats
  3 endoplasms
  3 giant cockroaches
  7 hobgoblins
  4 kobolds
  A quokka (D:3)
  8 ball pythons
  A frilled lizard (D:1)
  6 goblins
  7 rats
53 creatures vanquished.

Vanquished Creatures (collateral kills)
  A gnoll (D:2)
1 creature vanquished.

Grand Total: 54 creatures vanquished

Notes
Turn   | Place    | Note
-------+----------+-------------------------------------------
     0 | D:1      | Moral the Octopode Hunter began the quest for the Orb.
     0 | D:1      | Reached XP level 1. HP: 14/14 MP: 1/1
   224 | D:1      | Found a faded altar of an unknown god.
   292 | D:1      | Reached XP level 2. HP: 19/19 MP: 2/2
   863 | D:1      | Reached XP level 3. HP: 24/24 MP: 3/3
  1150 | D:2      | Reached XP level 4. HP: 23/30 MP: 4/4
  1524 | D:2      | Found Veibob's Assorted Antiques.
  1553 | D:2      | Found a shimmering blue altar of Sif Muna.
  1559 | D:2      | Found Junadint's Book Boutique.
  2210 | D:3      | Noticed Jessica
  2212 | D:3      | Killed Jessica
  2213 | D:3      | Reached XP level 5. HP: 34/35 MP: 5/5
  2279 | D:3      | Noticed Ijyb
  2401 | D:3      | Killed from afar by Ijyb

Illustrated notes

Levels and vault maps discovered:
D:1:      lightli_arrival_statue_moat, layout_loops_cross,
          dreamdust_ecumenical_altar_angels_and_demons
D:2:      layout_loops_ring, basic_altar, serial_shops, shop,
          nicolae_book_shop_shelving, minmay_hedge_maze, minmay_misc_feat_tiny,
          amcnicky_mini_rare_corridor_liquid
D:3:      layout_loops_ring, uniq_jessica, uniq_ijyb
D:4:      layout_cave_pools, pdpol_wu_jian_five_deadly_venoms

Skill      XL: |  1  2  3  4 |
---------------+-------------+-----
Stealth        | 2 3 4 |  4.1
Fighting       | |  2.7
Ranged Weapons | |  4.8
Dodging        | |  2.7

Action                     |  1- 3 |  4- 6 || total
---------------------------+-------+-------++-------
   Fire: Shortbow          |    90 |    82 ||   172
    Use: Scroll            |     1 |     1 ||     2
 Armour: Skin              |       |     1 ||     1
  Dodge: Dodged            |    15 |    15 ||    30

Table legend: (Time is in decaauts)
 A = Elapsed time spent in this place.
 B = Non-inter-level travel time spent in this place.
 C = Inter-level travel time spent in this place.
 D = Time resting spent in this place.
 E = Time spent auto-exploring this place.
 F = Levels seen in this place.
 G = Mean time per level.
                   A        B        C        D        E       F      G
               +--------+--------+--------+--------+--------+-----+--------+
         Total |   2432 |   2171 |    261 |    307 |   1539 |   4 |  608.0 |
       Dungeon |   2432 |   2171 |    261 |    307 |   1539 |   4 |  608.0 |
               +--------+--------+--------+--------+--------+-----+--------+

Top non-repeatable levels by time:
     D:2: 1095 daAuts
     D:1: 1059 daAuts
     D:3: 174 daAuts
     D:4: 103 daAuts
